 Dungeon Crawl Stone Soup version 0.30-a0-23-ge60ba3568b (webtiles) character file.

Game seed: 12263466613220981106

28 ytrimaz the Trooper (level 3, 29/29 HPs)
             Began as a Demonspawn Monk on Aug 24, 2022.
             Quit the game on level 1 of the Dungeon.
             The game lasted 00:00:57 (1439 turns).

ytrimaz the Trooper (Demonspawn Monk)               Turns: 1439, Time: 00:00:58

Health: 29/29      AC:  5    Str: 11    XL:     3   Next: 0%
Magic:  3/3        EV: 13    Int: 13    God:
Gold:   44         SH:  0    Dex: 15    Spells: 2/2 levels left

rFire   . . .      SeeInvis .      - Unarmed
rCold   . . .      Faith    .    (no shield)
rNeg    . . .      Spirit   .    a - +1 robe
rPois   .          Reflect  .    (no helmet)
rElec   .          Harm     .    (no cloak)
rCorr   .          Rampage  .    (no gloves)
Will    .....                    (no boots)
Stlth   ++........               (no amulet)
HPRegen 0.09/turn                (no ring)
MPRegen 0.08/turn                (no ring)

@: no status effects
A: icy blue scales 1, foul stench 1
a: no special abilities


You were on level 1 of the Dungeon.
You visited 1 branch of the dungeon, and saw 1 of its levels.

You collected 44 gold pieces.

Inventory:

Armour
 a - a +1 robe (worn)
Potions
 b - a potion of ambrosia
 e - a potion of curing


   Skills:
 + Level 3.3 Fighting
 + Level 3.1 Dodging
 - Level 1.7 Stealth
 + Level 3.2 Unarmed Combat


You had 2 spell levels left.
You didn't know any spells.
Your spell library was empty.

Dungeon Overview and Level Annotations

Branches:
Dungeon (1/15)

Altars:

Shops:
D:1 =


Innate Abilities, Weirdness & Mutations

You are partially covered in icy blue scales. (AC +2)
You may rarely emit foul miasma when damaged in melee.


Message History

You barely miss the quokka.
The quokka is severely wounded.
The quokka barely misses you.
You hit the quokka.
You kill the quokka!
You are too injured to fight recklessly!
You see here a quokka corpse.
You are too injured to fight recklessly!
Found a quarterstaff.
You see here a +0 quarterstaff.
You open the door.
Found a robe.
There is an open door here.
You open the door.
There is an open door here.
A goblin comes into view. It is wielding a +0 dagger.
The goblin shouts!
A goblin is nearby!
A goblin is nearby!
A goblin is nearby!
The goblin hits you with a +0 dagger.
You hit the goblin.
You kill the goblin!
You have reached level 3!
Your experience leads to an increase in your attributes!
Increase (S)trength, (I)ntelligence, or (D)exterity?
You feel clever. x2; Your demonic ancestry asserts itself...
Icy blue scales grow over part of your body.
You see here a +0 dagger.
There is a shaft here.
An endoplasm comes into view.
An endoplasm is nearby!
As you read the scroll labelled FUSMIJASUM, it crumbles to dust.
It is a scroll of enchant armour.
Your +0 robe glows green for a moment.
The endoplasm quivers.
As you read the scroll labelled ECROAR WOGUMP, it crumbles to dust.
It is a scroll of identify.
e - a potion of curing Are you sure you want to abandon this character and quit the game? (Confirm with "yes".)

##########.##
#...........#
#.###########
#.# #.. ## #.#
#.# #. #.# #.#
.#. #.# #.#
#.##
############.#
#.# #.##
..J....@.....#
#.# #.#
.#############
#.# #.##
###.####.#.
#........#.
#)####.....
#.#....#...
###.#.#.##.#.
..#.# #. #.#.
###.#.# #.
#.#.


You could see an endoplasm.

Vanquished Creatures
  A dart slug (D:1)
  A ball python (D:1)
  2 bats (D:1)
  An endoplasm (D:1)
  A giant cockroach (D:1)
  4 goblins (D:1)
  A hobgoblin (D:1)
  3 jackals (D:1)
  3 quokkas (D:1)
  2 frilled lizards (D:1)
  3 kobolds (D:1)
  A rat (D:1)
23 creatures vanquished.

Notes
Turn   | Place    | Note
-------+----------+-------------------------------------------
     0 | D:1      | ytrimaz the Demonspawn Monk began the quest for the Orb.
     0 | D:1      | Reached XP level 1. HP: 18/18 MP: 1/1
    63 | D:1      | Found Kithoare's Jewellery Shoppe.
   199 | D:1      | Gained mutation: You may rarely emit foul miasma when
                  | damaged in melee. [demonic ancestry]
   199 | D:1      | Reached XP level 2. HP: 22/24 MP: 2/2
  1371 | D:1      | Gained mutation: You are partially covered in icy blue
                  | scales. (AC +2) [demonic ancestry]
  1371 | D:1      | Reached XP level 3. HP: 27/29 MP: 3/3
  1439 | D:1      | Quit the game

Illustrated notes

Levels and vault maps discovered:
D:1:      spicycebolla_arrival_ecumenical, layout_basic, serial_shops,
          nicolae_shop_waterfront, grunt_decor_fettered, nicolae_wormholes

Skill      XL: |  1  2 |
---------------+-------+-----
Unarmed Combat | 3 |  3.2
Dodging        | 3 |  3.1
Fighting       | |  3.3
Stealth        | |  1.7

Action                   || total
-------------------------++-------
Melee: Unarmed           ||    95
       Punch             ||     1
  Use: Scroll            ||     2
 Stab: Sleeping          ||     2
Armor: Robe              ||    17
Dodge: Dodged            ||    58

Table legend: (Time is in decaauts)
 A = Elapsed time spent in this place.
 B = Non-inter-level travel time spent in this place.
 C = Inter-level travel time spent in this place.
 D = Time resting spent in this place.
 E = Time spent auto-exploring this place.
 F = Levels seen in this place.
 G = Mean time per level.
                   A        B        C        D        E       F      G
               +--------+--------+--------+--------+--------+-----+--------+
         Total |   1434 |   1434 |      0 |      0 |   1230 |   1 | 1434.0 |
       Dungeon |   1434 |   1434 |      0 |      0 |   1230 |   1 | 1434.0 |
               +--------+--------+--------+--------+--------+-----+--------+

Top non-repeatable levels by time:
     D:1: 1434 daAuts
